 Dungeon Crawl Stone Soup version 0.24.0-123-gd5b16e6ec5 (webtiles) character file.

Game seed: 10029924670407793040, levelgen mode: deterministic

15 brucemayne the Chopper (level 2, -3/26 HPs)
             Began as a Hill Orc Monk on Jan 20, 2020.
             Slain by a gnoll
             ... wielding a +0 halberd
              (11 damage)
             ... on level 3 of the Dungeon.
             The game lasted 00:02:05 (561 turns).

brucemayne the Chopper (Hill Orc Monk)               Turns: 561, Time: 00:02:06

Health: -3/26      AC:  6    Str: 13    XL:     2   Next: 50%
Magic:  2/2        EV:  9    Int: 10    God:
Gold:   86         SH:  0    Dex: 13    Spells: 1/1 levels left

rFire    . . .     SeeInvis .   a - +0 hand axe
rCold    . . .     Gourm    .   (no shield)
rNeg     . . .     Faith    .   g - +0 scale mail
rPois    .         Spirit   .   (no helmet)
rElec    .         Reflect  .   (no cloak)
rCorr    .         Harm     .   (no gloves)
MR       .....                  (no boots)
Stlth    +.........             (no amulet)
HPRegen  0.08/turn              f - ring of stealth
MPRegen  0.08/turn              (no ring)

@: no status effects
A: no striking features
a: no special abilities


You were on level 3 of the Dungeon.
You were not hungry.

You visited 1 branch of the dungeon, and saw 4 of its levels.

You collected 86 gold pieces.

Inventory:

Hand Weapons
 a - a +0 hand axe (weapon)
Missiles
 d - 41 poisoned darts (quivered)
 h - 4 atropa-tipped darts
Armour
 b - a +0 robe
 g - a +0 scale mail (worn)
 j - a cursed +0 chain mail
Jewellery
 f - a ring of stealth (left hand)
Scrolls
 i - 2 scrolls of teleportation {unknown}
 k - a scroll of fear {unknown}
Comestibles
 c - 2 rations


   Skills:
 - Level 3.6 Fighting
 + Level 5.1 Axes
 - Level 2.4 Dodging
 - Level 1.5 Stealth


You had one spell level left.
You didn't know any spells.
Your spell library was empty.

Dungeon Overview and Level Annotations

Branches:
Dungeon (4/15)
 Temple: D:4-7

Altars:
Okawaru
Xom


Message History

Found an iron altar of Okawaru.
You see here a stone.
The kobold hits you but does no damage. The kobold hits you with a +0 dagger.
* * * LOW HITPOINT WARNING * * *
The kobold hits you but does no damage. x2
The kobold throws a stone.
The stone barely misses you.
An adder comes into view.
The gnoll barely misses you.
Found a scroll labeled UQEBOE XOCOCI.
The kobold throws a stone.
The stone hits you but does no damage. The ball python barely misses you.
The ball python grabs you. The ball python constricts you.
You see here a stone.
You escape the ball python's grasp.
A kobold comes into view. It is wielding a +0 short sword.
The ball python barely misses you. x2
There is an open door here.
The gnoll hits you from afar with a +0 halberd!
You die...

#.....>........gg..g...
#...........########g##
#...$.......##...# #.##
##########...(...<...##...#
#.g#
.........g......######...#
##.# #...♣...#.%%.(.######...#
#.g.
...♣(♣....###..(......!.###.#.
♣.♣.♣...###...........'.....
♣.♣.♣.♣...#.@..........###.#.
♣.♣._g♣.♣$gg.S..........# #.##
..♣.♣.♣g♣..##...#####.....##.#
...♣.♣.♣...##.K.# #.....##.#
....♣.♣..K.###g## #.###.##.#
#.S#...♣...#.###K######.#
.##.#
#........?.....K........# .#
.# #.##.######...########## .#
... #####


You could see 3 gnolls, a ball python and 3 kobolds.

Vanquished Creatures
  A ball python (D:3)
  2 bats (D:1)
  A giant cockroach (D:1)
  A goblin (D:3)
  A hobgoblin (D:3)
  2 jackals (D:4)
  4 kobolds
  2 rats
14 creatures vanquished.

Notes
Turn   | Place    | Note
-------+----------+-------------------------------------------
     0 | D:1      | brucemayne the Hill Orc Monk began the quest for the Orb.
     0 | D:1      | Reached XP level 1. HP: 19/19 MP: 1/1
   193 | D:2      | Found a shimmering altar of Xom.
   194 | D:2      | Found a shimmering altar of Xom.
   215 | D:3      | Reached XP level 2. HP: 26/26 MP: 2/2
   424 | D:3      | Reached skill level 5 in Axes
   506 | D:3      | HP: 1/26 [gnoll/+0 halberd (13)]
   539 | D:3      | Found an iron altar of Okawaru.
   561 | D:3      | Slain by a gnoll

Levels and vault maps discovered:
D:1:      saegor_arrival_simple_b, layout_loops_ring
D:2:      layout_basic, xom_redecorated, uniq_crazy_yiuf_cottage
D:3:      layout_basic, old_standard_altar, nicolae_overflow_crystal_walls,
          okawaru_trees_2, minmay_misc_feat_tiny
D:4:      minmay_bubble_buster, layout_gridville,
          eat_drink_and_be_merry_uskayaw, minmay_temple_entry_grid,
          first_ration, uniq_edmund

Skill      XL: |  1  2 |
---------------+-------+-----
Axes           | 5 |  5.1
Fighting       | |  3.6
Dodging        | |  2.4
Stealth        | |  1.5

Action                   || total
-------------------------++-------
Melee: Hand axe          ||    40
  Use: Potion            ||     1
 Stab: Sleeping          ||     1
Armor: Robe              ||     8
       Scale mail        ||    18
Dodge: Dodged            ||    35
